WCHLSIM.com - West Coast Hockey League
html PUBLIC "-//W3C//DTD XHTML 1.0 Transitional//EN" "http://www.w3.org/TR/xhtml1/DTD/xhtml1-transitional.dtd"> WCHL - Game 431 - LAS VEGAS LIZARD KINGS vs PORTLAND PIRATES

LAS VEGAS LIZARD KINGS vs PORTLAND PIRATES

Created - 12 décembre 2023 at 20:24

Goals
1 2 3 T
LAS VEGAS LIZARD KINGS 1 1 2 4
PORTLAND PIRATES 1 4 3 8
Shots
1 2 3 T
LAS VEGAS LIZARD KINGS 6 8 10 24
PORTLAND PIRATES 9 9 14 32

1st period

1. PORTLAND PIRATES , Mika Zibanejad 12 (Travis Konecny 12, Brett Pesce 7) at 3:52
2. LAS VEGAS LIZARD KINGS , Jeff Carter 3 (Brandon Hagel 14) at 8:08

Penalties :
Travis Hamonic (POR) for Holding (Minor) at 1:34

2nd period

3. PORTLAND PIRATES , Mika Zibanejad 13 (Travis Konecny 13, Brett Pesce 8) at 4:43
4. LAS VEGAS LIZARD KINGS , Ryan Nugent-Hopkins 10 (Joe Pavelski 24, Johnny Gaudreau 17) at 5:46
5. PORTLAND PIRATES , Robert Thomas 8 (Yanni Gourde 14) at 6:46
6. PORTLAND PIRATES , Michael Amadio 2 (Marc Staal 3, Sam Steel 4) at 7:24
7. PORTLAND PIRATES , Pavel Zacha 9 (Mika Zibanejad 18, Travis Konecny 14) at 15:03

Penalties :
Brett Pesce (POR) for Roughing (Minor) at 2:25, Brian Dumoulin (POR) for Cross-checking (Minor) at 16:07

3rd period

8. PORTLAND PIRATES , Michael Amadio 3 (Brian Dumoulin 5, Sam Steel 5) at 3:53
9. LAS VEGAS LIZARD KINGS , Ryan Nugent-Hopkins 11 (Johnny Gaudreau 18, Joe Pavelski 25) at 4:15
10. PORTLAND PIRATES , Travis Konecny 13 (Pavel Zacha 11, Mika Zibanejad 19) at 14:31
11. PORTLAND PIRATES , Mika Zibanejad 14 (Travis Konecny 15, Thomas Chabot 9) at 15:58 (PP)
12. LAS VEGAS LIZARD KINGS , Johnny Gaudreau 18 (Joe Pavelski 26, Ryan Nugent-Hopkins 27) at 17:32

Penalties :
Brandon Hagel (LVG) for Slashing (Minor) at 15:32

Goalie Stats

Sergei Bobrovsky (LVG), 11 saves from 15 shots - (0,733), 27:24 minutes
Kaapo Kahkonen (LVG), 13 saves from 17 shots - (0,765), L, 4-1-1, 32:36 minutes
Martin Jones (POR), 20 saves from 24 shots - (0,833), W, 14-11-0, 60:00 minutes

Players Stats for LAS VEGAS LIZARD KINGS

Player Name              G  A  P  +/- PIM S  H  SB GA TA FO     MP     PP MP  PK MP  
------------------------------------------------------------------------------------
Brandon Hagel            0  1  1  -1  2   2  2  0  0  0  0/1    18:31   2:57   0:00 
Brayden McNabb           0  0  0  -2  0   0  1  1  0  0  0/0    25:27   2:35   0:00 
Dmitry Kulikov           0  0  0   1  0   1  0  1  0  0  0/0    14:01   2:53   0:00 
Evan Rodrigues           0  0  0  -1  0   2  0  0  0  0  0/0    19:23   3:22   0:26 
Jacob Bryson             0  0  0  -2  0   0  0  0  0  0  0/0    18:21   0:20   0:26 
Jeff Carter              1  0  1  -1  0   2  2  0  0  0  9/22   18:59   2:57   0:00 
Joe Pavelski             0  3  3   0  0   3  0  0  0  0  1/1    23:28   3:00   0:00 
Johnny Gaudreau          1  2  3   0  0   3  0  0  0  0  0/0    23:03   3:00   0:00 
Jordan Greenway          0  0  0  -2  0   1  0  0  0  0  1/2     5:34   0:00   0:00 
Luke Glendening          0  0  0  -2  0   1  0  0  0  0  3/3     5:10   0:00   0:00 
Matt Roy                 0  0  0  -2  0   0  0  1  0  0  0/0    21:52   2:44   0:00 
Patrik Nemeth            0  0  0   1  0   0  2  1  0  0  0/0    19:47   0:00   0:26 
Ryan Nugent-Hopkins      2  1  3   0  0   5  0  1  0  0  14/29  23:03   3:00   0:00 
Trevor Carrick           0  0  0  -2  0   0  0  0  0  0  0/0    15:54   0:00   0:00 
Ty Dellandrea            0  0  0   0  0   1  1  0  0  0  3/16   13:15   0:00   0:26 
Victor Olofsson          0  0  0   0  0   0  0  0  0  0  0/0    15:46   2:57   0:00 
Vladislav Namestnikov    0  0  0   0  0   3  0  1  0  0  0/0    12:49   0:00   0:00 
Zemgus Girgensons        0  0  0  -2  0   0  0  0  0  0  0/1     5:10   0:00   0:00 

Players Stats for PORTLAND PIRATES

Player Name              G  A  P  +/- PIM S  H  SB GA TA FO     MP     PP MP  PK MP  
------------------------------------------------------------------------------------
Alec Martinez            0  0  0   2  0   1  0  0  0  0  0/0    18:51   0:00   2:56 
Brett Pesce              0  2  2   1  2   1  1  1  0  0  0/0    21:17   0:00   1:43 
Brian Dumoulin           0  1  1   0  2   0  0  0  0  0  0/0    20:08   0:00   2:02 
Chandler Stephenson      0  0  0   1  0   4  1  0  0  0  15/21  17:58   0:00   0:00 
Marc Staal               0  1  1   1  0   1  1  0  0  0  0/0    14:15   0:00   2:12 
Michael Amadio           2  0  2   1  0   4  0  0  0  0  0/1    14:11   0:00   3:29 
Michael McLeod           0  0  0  -1  0   0  0  0  0  0  4/10   10:45   0:00   2:28 
Mika Zibanejad           3  2  5   2  0   6  0  0  0  0  15/22  18:00   0:26   0:00 
Nathan Bastian           0  0  0  -1  0   0  2  0  0  0  0/0    10:45   0:00   2:28 
Nick Holden              0  0  0   1  0   0  0  0  0  0  0/0     5:33   0:26   0:00 
Pavel Zacha              1  1  2   2  0   2  1  0  0  0  1/2    17:34   0:00   0:00 
Robert Thomas            1  0  1   1  0   4  0  0  0  0  0/0    17:30   0:26   0:00 
Sam Steel                0  2  2   1  0   2  0  0  0  0  5/14   10:42   0:00   0:00 
Thomas Chabot            0  1  1   1  0   0  1  1  0  0  0/0    19:13   0:26   0:06 
Travis Hamonic           0  0  0   0  2   0  3  1  0  0  0/0    20:40   0:00   2:55 
Travis Konecny           1  4  5   2  0   4  1  0  0  0  0/0    18:00   0:26   0:00 
William Carrier          0  0  0   0  0   1  3  1  0  0  2/2    18:05   0:00   0:00 
Yanni Gourde             0  1  1   1  0   2  0  0  0  0  2/3    20:33   0:00   3:29 

3 Stars

1 - Mika Zibanejad (POR)
2 - Travis Konecny (POR)
3 - Michael Amadio (POR)

Power Play

LAS VEGAS LIZARD KINGS - 0 on 3 Attempt(s) - 0,00%
PORTLAND PIRATES - 1 on 1 Attempt(s) - 100,00%

Penalty Kill

LAS VEGAS LIZARD KINGS - 0 on 1 Attempt(s) - 0,00% - Score 0 goal in Penalty Kill
PORTLAND PIRATES - 3 on 3 Attempt(s) - 100,00% - Score 0 goal in Penalty Kill

Team Stat

LAS VEGAS LIZARD KINGS - Hits : 8 - Faceoff Wins : 31 - Blocked Shots : 6 - Penalty Minutes : 2
PORTLAND PIRATES - Hits : 14 - Faceoff Wins : 44 - Blocked Shots : 4 - Penalty Minutes : 6

Official

Referees : Jim Curtin and TJ Luxmore
Linesman : Darren Gibbs and Kyle Allen

Game Notes

Kaapo Kahkonen enters game at 7:24 of 2nd period
Dmitry Kulikov is injured at 19:22 of 2nd period (Sprained Right Ankle)
Mika Zibanejad has scored a Hat Trick!

Finance

Level 1 -- Attendance: 9063 (90,63%) -- Ticket Income 1 350 387 $
Level 2 -- Attendance: 7781 (97,26%) -- Ticket Income 848 129 $
Level 3 -- Attendance: 2495 (83,17%) -- Ticket Income 247 005 $
Level 4 -- Attendance: 2500 (100,00%) -- Ticket Income 222 500 $
Luxury Box -- Attendance: 1236 (82,40%) -- Ticket Income 357 204 $
Total Attendance: 23075 (92,30%)
Total Ticket Income: 3 025 225 $
Other Expense: 30 252 $
Total Income: 2 994 973 $

LAS VEGAS LIZARD KINGS

5 vs 5 Forward 
   Center                   Left Wing                Right Wing               Time % Phy DF OF 
 1 Ryan Nugent-Hopkins      Johnny Gaudreau          Joe Pavelski             37     0   1  4  
 2 Jeff Carter              Brandon Hagel            Evan Rodrigues           30     0   2  3  
 3 Ty Dellandrea            Vladislav Namestnikov    Victor Olofsson          23     0   3  2  
 4 Luke Glendening          Jordan Greenway          Zemgus Girgensons        10     1   3  1  

5 vs 5 Defense 
   Defense                  Defense                                           Time % Phy DF OF 
 1 Brayden McNabb           Matt Roy                                          45     1   2  2  
 2 Patrik Nemeth            Dmitry Kulikov                                    35     1   2  2  
 3 Trevor Carrick           Jacob Bryson                                      20     1   3  1  
 4 Brayden McNabb           Matt Roy                                          0      1   2  2  

PowerPlay Forward 
   Center                   Left Wing                Right Wing               Time % Phy DF OF 
 1 Ryan Nugent-Hopkins      Johnny Gaudreau          Joe Pavelski             65     0   0  5  
 2 Jeff Carter              Brandon Hagel            Victor Olofsson          35     0   0  5  

PowerPlay Defense
   Defense                  Defense                                           Time % Phy DF OF 
 1 Evan Rodrigues           Matt Roy                                          55     0   1  4  
 2 Brayden McNabb           Dmitry Kulikov                                    45     0   1  4  

Penalty Kill 4 Players Forward 
   Center                   Wing                     Time % Phy DF OF 
 1 Ty Dellandrea            Brandon Hagel            55     1   2  2  
 2 Joe Pavelski             Ryan Nugent-Hopkins      45     1   2  2  

Penalty Kill 4 Players Defense
   Defense                  Defense                  Time % Phy DF OF 
 1 Brayden McNabb           Jacob Bryson             60     1   2  2  
 2 Patrik Nemeth            Dmitry Kulikov           40     1   2  2  

Penalty Kill - 3 Players Forward 
   Forward                                           Time % Phy DF OF 
 1 Zemgus Girgensons                                 55     1   4  0  
 2 Luke Glendening                                   45     1   4  0  

Penalty Kill - 3 Players Defense
   Defense                  Defense                  Time % Phy DF OF 
 1 Brayden McNabb           Jacob Bryson             55     1   4  0  
 2 Patrik Nemeth            Dmitry Kulikov           45     1   4  0  

4 vs 4 Forward 
   Center                   Wing                     Time % Phy DF OF 
 1 Ryan Nugent-Hopkins      Johnny Gaudreau          55     1   2  2  
 2 Jeff Carter              Joe Pavelski             45     1   2  2  

4 vs 4 Defense
   Defense                  Defense                  Time % Phy DF OF 
 1 Brayden McNabb           Matt Roy                 55     1   2  2  
 2 Patrik Nemeth            Dmitry Kulikov           45     1   2  2  

Last Minutes Offensive
   Center                   Left Wing                Right Wing               Defense                  Defense                  
   Ryan Nugent-Hopkins      Johnny Gaudreau          Joe Pavelski             Brayden McNabb           Matt Roy                 

Last Minutes Defensive
   Center                   Left Wing                Right Wing               Defense                  Defense                  
   Ryan Nugent-Hopkins      Vladislav Namestnikov    Joe Pavelski             Brayden McNabb           Dmitry Kulikov           

Goaltenders
Starting : Sergei Bobrovsky         
Backup : Kaapo Kahkonen           

Extra Forwards
Normal : Evan Rodrigues, Victor Olofsson, Joe Pavelski - PP : Brandon Hagel, Ty Dellandrea - PK : Evan Rodrigues
Extra Defensemen
Normal : Dmitry Kulikov, Patrik Nemeth, Jacob Bryson - PP : Dmitry Kulikov - PK : Brayden McNabb, Jacob Bryson
Penalty Shots
Johnny Gaudreau, Ryan Nugent-Hopkins, Joe Pavelski, Brandon Hagel, Evan Rodrigues
Custom OT Lines Forwards
Johnny Gaudreau, Ryan Nugent-Hopkins, Joe Pavelski, Brandon Hagel, Jeff Carter, Evan Rodrigues, Victor Olofsson, Ty Dellandrea, Vladislav Namestnikov, Jordan Greenway
Custom OT Lines Defensemen
Brayden McNabb, Matt Roy, Dmitry Kulikov, Jacob Bryson, Patrik Nemeth

Scratches
John Marino (Facial Surgery Injury)

PORTLAND PIRATES

5 vs 5 Forward 
   Center                   Left Wing                Right Wing               Time % Phy DF OF 
 1 Mika Zibanejad           Pavel Zacha              Travis Konecny           33     0   2  3  
 2 Chandler Stephenson      Yanni Gourde             Robert Thomas            33     0   2  3  
 3 Sam Steel                William Carrier          Michael Amadio           22     0   3  2  
 4 Michael McLeod           William Carrier          Nathan Bastian           12     0   3  2  

5 vs 5 Defense 
   Defense                  Defense                                           Time % Phy DF OF 
 1 Brett Pesce              Thomas Chabot                                     34     0   4  1  
 2 Brian Dumoulin           Travis Hamonic                                    34     0   4  1  
 3 Marc Staal               Alec Martinez                                     22     0   4  1  
 4 Nick Holden              Alec Martinez                                     10     0   4  1  

PowerPlay Forward 
   Center                   Left Wing                Right Wing               Time % Phy DF OF 
 1 Mika Zibanejad           Travis Konecny           Robert Thomas            60     0   0  5  
 2 Chandler Stephenson      Pavel Zacha              Yanni Gourde             40     0   0  5  

PowerPlay Defense
   Defense                  Defense                                           Time % Phy DF OF 
 1 Thomas Chabot            Nick Holden                                       60     0   1  4  
 2 Alec Martinez            Travis Hamonic                                    40     0   1  4  

Penalty Kill 4 Players Forward 
   Center                   Wing                     Time % Phy DF OF 
 1 Michael McLeod           Nathan Bastian           60     0   5  0  
 2 Yanni Gourde             Michael Amadio           40     0   5  0  

Penalty Kill 4 Players Defense
   Defense                  Defense                  Time % Phy DF OF 
 1 Brett Pesce              Marc Staal               60     0   5  0  
 2 Brian Dumoulin           Travis Hamonic           40     0   5  0  

Penalty Kill - 3 Players Forward 
   Forward                                           Time % Phy DF OF 
 1 Michael McLeod                                    55     0   5  0  
 2 Chandler Stephenson                               45     0   5  0  

Penalty Kill - 3 Players Defense
   Defense                  Defense                  Time % Phy DF OF 
 1 Brian Dumoulin           Nick Holden              55     0   5  0  
 2 Brett Pesce              Alec Martinez            45     0   5  0  

4 vs 4 Forward 
   Center                   Wing                     Time % Phy DF OF 
 1 Mika Zibanejad           Travis Konecny           55     0   1  4  
 2 Chandler Stephenson      Robert Thomas            45     0   1  4  

4 vs 4 Defense
   Defense                  Defense                  Time % Phy DF OF 
 1 Thomas Chabot            Nick Holden              55     0   2  3  
 2 Marc Staal               Alec Martinez            45     0   2  3  

Last Minutes Offensive
   Center                   Left Wing                Right Wing               Defense                  Defense                  
   Mika Zibanejad           Travis Konecny           Robert Thomas            Thomas Chabot            Nick Holden              

Last Minutes Defensive
   Center                   Left Wing                Right Wing               Defense                  Defense                  
   Michael McLeod           Chandler Stephenson      Yanni Gourde             Brian Dumoulin           Brett Pesce              

Goaltenders
Starting : Martin Jones             
Backup : Cameron Talbot           

Extra Forwards
Normal : William Carrier, Michael McLeod, Michael Amadio - PP : William Carrier, Sam Steel - PK : Sam Steel
Extra Defensemen
Normal : Alec Martinez, Marc Staal, Travis Hamonic - PP : Brett Pesce - PK : Alec Martinez, Thomas Chabot
Penalty Shots
Mika Zibanejad, Travis Konecny, Robert Thomas, Chandler Stephenson, Pavel Zacha
Custom OT Lines Forwards
Mika Zibanejad, Robert Thomas, Travis Konecny, Chandler Stephenson, Yanni Gourde, Pavel Zacha, Sam Steel, William Carrier, Michael McLeod, Michael Amadio
Custom OT Lines Defensemen
Thomas Chabot, Brett Pesce, Brian Dumoulin, Travis Hamonic, Marc Staal

Scratches
Ryan McLeod (Left Hip Injury), Ryan Donato (Healthy)

% Time on Ice - LAS VEGAS LIZARD KINGS

Lines # - Real PCT - Wanted PCT - Time Play
Normal Forward
1 - 37% - 37% - 20:03
2 - 29% - 30% - 15:35
3 - 24% - 23% - 12:49
4 - 10% - 10% - 5:10
Normal Defense
1 - 36% - 45% - 19:08
2 - 38% - 35% - 20:37
3 - 26% - 20% - 13:52
4 - 0% - 0% - 0:00
PP Forward
1 - 50% - 65% - 3:00
2 - 50% - 35% - 2:57
PP Defense
1 - 57% - 55% - 3:22
2 - 43% - 45% - 2:35
PK Forward
1 - 100% - 55% - 0:26
2 - 0% - 45% - 0:00
PK Defense
1 - 0% - 60% - 0:00
2 - 100% - 40% - 0:26
PK3 Forward
1 - 0% - 55%
2 - 0% - 45%
PK3 Defense
1 - 0% - 55%
2 - 0% - 45%
44 Forward
1 - 0% - 55%
2 - 0% - 45%
44 Defense
1 - 0% - 55%
2 - 0% - 45%
Last Minute Offensive  - 0:00
Last Minute Defensive  - 0:00
Total
Forward - 60:00
Defense - 60:00

% Time on Ice - PORTLAND PIRATES

Lines # - Real PCT - Wanted PCT - Time Play
Normal Forward
1 - 33% - 33% - 17:34
2 - 32% - 33% - 17:04
3 - 20% - 22% - 10:42
4 - 15% - 12% - 8:17
Normal Defense
1 - 35% - 34% - 18:41
2 - 34% - 34% - 18:07
3 - 22% - 22% - 11:42
4 - 10% - 10% - 5:07
PP Forward
1 - 100% - 60% - 0:26
2 - 0% - 40% - 0:00
PP Defense
1 - 100% - 60% - 0:26
2 - 0% - 40% - 0:00
PK Forward
1 - 41% - 60% - 2:28
2 - 59% - 40% - 3:29
PK Defense
1 - 37% - 60% - 2:12
2 - 63% - 40% - 3:45
PK3 Forward
1 - 0% - 55%
2 - 0% - 45%
PK3 Defense
1 - 0% - 55%
2 - 0% - 45%
44 Forward
1 - 0% - 55%
2 - 0% - 45%
44 Defense
1 - 0% - 55%
2 - 0% - 45%
Last Minute Offensive  - 0:00
Last Minute Defensive  - 0:00
Total
Forward - 60:00
Defense - 60:00

Play-by-Play

1st period


0:01 of 1st period - Ryan Nugent-Hopkins wins face-off versus Mika Zibanejad in neutral zone.
0:18 of 1st period - Shot by Mika Zibanejad.
0:18 of 1st period - Shot Hit the Post.
0:21 of 1st period - Icing by Ryan Nugent-Hopkins.
0:22 of 1st period - Chandler Stephenson wins face-off versus Ryan Nugent-Hopkins in LAS VEGAS LIZARD KINGS zone.
1:14 of 1st period - Jeff Carter is hit by Travis Hamonic and loses puck.
1:22 of 1st period - Evan Rodrigues is hit by Travis Hamonic and loses puck.
1:33 of 1st period - Shot by Evan Rodrigues.
1:33 of 1st period - Shot Misses the Net.
1:34 of 1st period - Minor Penalty to Travis Hamonic for Holding.
1:35 of 1st period - Ryan Nugent-Hopkins wins face-off versus Michael McLeod in PORTLAND PIRATES zone.
1:36 of 1st period - Shot by Joe Pavelski.
1:36 of 1st period - Stopped by Martin Jones without a rebound.
1:37 of 1st period - Michael McLeod wins face-off versus Ryan Nugent-Hopkins in PORTLAND PIRATES zone.
2:09 of 1st period - Off-side.
2:10 of 1st period - Yanni Gourde wins face-off versus Jeff Carter in neutral zone.
3:44 of 1st period - Shot by Mika Zibanejad.
3:44 of 1st period - Stopped by Sergei Bobrovsky with a rebound.
3:48 of 1st period - Shot by Travis Konecny.
3:48 of 1st period - Shot Misses the Net.
3:50 of 1st period - Shot by Mika Zibanejad.
3:50 of 1st period - Shot Misses the Net.
3:52 of 1st period - Shot by Mika Zibanejad.
3:52 of 1st period - Goal by Mika Zibanejad - LAS VEGAS LIZARD KINGS : 0 - PORTLAND PIRATES : 1.
3:53 of 1st period - Ty Dellandrea wins face-off versus Sam Steel in neutral zone.
3:58 of 1st period - Shot by Vladislav Namestnikov.
3:58 of 1st period - Shot Misses the Net.
4:00 of 1st period - Shot by Dmitry Kulikov.
4:00 of 1st period - Shot Misses the Net.
4:06 of 1st period - Shot by Ty Dellandrea.
4:06 of 1st period - Shot Misses the Net.
4:08 of 1st period - Shot by Ty Dellandrea.
4:08 of 1st period - Shot Misses the Net.
4:10 of 1st period - Shot by Vladislav Namestnikov.
4:10 of 1st period - Stopped by Martin Jones without a rebound.
4:11 of 1st period - Mika Zibanejad wins face-off versus Ryan Nugent-Hopkins in PORTLAND PIRATES zone.
5:08 of 1st period - Icing by Mika Zibanejad.
5:09 of 1st period - Mika Zibanejad wins face-off versus Jeff Carter in PORTLAND PIRATES zone.
5:09 of 1st period - Thomas Chabot is hit by Jeff Carter and loses puck.
5:13 of 1st period - Brett Pesce is hit by Brandon Hagel and loses puck.
5:46 of 1st period - Shot by William Carrier.
5:46 of 1st period - Stopped by Sergei Bobrovsky without a rebound.
5:47 of 1st period - Ty Dellandrea wins face-off versus Chandler Stephenson in LAS VEGAS LIZARD KINGS zone.
6:01 of 1st period - Shot by Yanni Gourde.
6:01 of 1st period - Stopped by Sergei Bobrovsky without a rebound.
6:02 of 1st period - William Carrier wins face-off versus Ryan Nugent-Hopkins in LAS VEGAS LIZARD KINGS zone.
7:02 of 1st period - Icing by Jacob Bryson.
7:03 of 1st period - Ryan Nugent-Hopkins wins face-off versus Mika Zibanejad in LAS VEGAS LIZARD KINGS zone.
7:50 of 1st period - Shot by Victor Olofsson.
7:50 of 1st period - Shot Misses the Net.
7:52 of 1st period - Shot by Victor Olofsson.
7:52 of 1st period - Shot Hit the Post.
8:08 of 1st period - Shot by Jeff Carter.
8:08 of 1st period - Goal by Jeff Carter - LAS VEGAS LIZARD KINGS : 1 - PORTLAND PIRATES : 1.
8:09 of 1st period - Sam Steel wins face-off versus Zemgus Girgensons in neutral zone.
9:31 of 1st period - Shot by Brandon Hagel.
9:31 of 1st period - Stopped by Martin Jones without a rebound.
9:32 of 1st period - Ty Dellandrea wins face-off versus Mika Zibanejad in PORTLAND PIRATES zone.
9:34 of 1st period - Vladislav Namestnikov is hit by Thomas Chabot and loses puck.
10:04 of 1st period - Shot by Thomas Chabot.
10:04 of 1st period - Shot Misses the Net.
10:06 of 1st period - Shot by Brett Pesce.
10:06 of 1st period - Shot Blocked by Vladislav Namestnikov.
10:42 of 1st period - Shot by Robert Thomas.
10:42 of 1st period - Stopped by Sergei Bobrovsky without a rebound.
10:43 of 1st period - William Carrier wins face-off versus Jeff Carter in LAS VEGAS LIZARD KINGS zone.
11:05 of 1st period - Shot by Michael Amadio.
11:05 of 1st period - Stopped by Sergei Bobrovsky with a rebound.
11:17 of 1st period - Shot by Sam Steel.
11:17 of 1st period - Stopped by Sergei Bobrovsky without a rebound.
11:18 of 1st period - Chandler Stephenson wins face-off versus Ryan Nugent-Hopkins in LAS VEGAS LIZARD KINGS zone.
11:24 of 1st period - Icing by Dmitry Kulikov.
11:25 of 1st period - Chandler Stephenson wins face-off versus Ryan Nugent-Hopkins in LAS VEGAS LIZARD KINGS zone.
11:55 of 1st period - Joe Pavelski is hit by Travis Hamonic and loses puck.
12:08 of 1st period - Shot by Johnny Gaudreau.
12:08 of 1st period - Shot Misses the Net.
13:00 of 1st period - Off-side.
13:01 of 1st period - Mika Zibanejad wins face-off versus Brandon Hagel in neutral zone.
14:01 of 1st period - Icing by Ty Dellandrea.
14:02 of 1st period - Chandler Stephenson wins face-off versus Ty Dellandrea in LAS VEGAS LIZARD KINGS zone.
14:21 of 1st period - Shot by Robert Thomas.
14:21 of 1st period - Stopped by Sergei Bobrovsky without a rebound.
14:22 of 1st period - Luke Glendening wins face-off versus Sam Steel in LAS VEGAS LIZARD KINGS zone.
15:27 of 1st period - Off-side.
15:28 of 1st period - Chandler Stephenson wins face-off versus Jeff Carter in neutral zone.
15:39 of 1st period - Shot by Yanni Gourde.
15:39 of 1st period - Stopped by Sergei Bobrovsky without a rebound.
15:40 of 1st period - Ryan Nugent-Hopkins wins face-off versus Mika Zibanejad in LAS VEGAS LIZARD KINGS zone.
15:49 of 1st period - Shot by Ryan Nugent-Hopkins.
15:49 of 1st period - Stopped by Martin Jones without a rebound.
15:50 of 1st period - Chandler Stephenson wins face-off versus Jeff Carter in PORTLAND PIRATES zone.
15:50 of 1st period - Robert Thomas is hit by Brandon Hagel.
16:46 of 1st period - Icing by Robert Thomas.
16:47 of 1st period - Ryan Nugent-Hopkins wins face-off versus Chandler Stephenson in PORTLAND PIRATES zone.
16:50 of 1st period - Shot by Johnny Gaudreau.
16:50 of 1st period - Stopped by Martin Jones with a rebound.
17:16 of 1st period - Shot by Ryan Nugent-Hopkins.
17:16 of 1st period - Shot Misses the Net.
17:18 of 1st period - Shot by Matt Roy.
17:18 of 1st period - Shot Blocked by Brett Pesce.
17:33 of 1st period - Icing by Brett Pesce.
17:34 of 1st period - Michael McLeod wins face-off versus Ty Dellandrea in PORTLAND PIRATES zone.
17:34 of 1st period - Nathan Bastian is hit by Ty Dellandrea and loses puck.
17:55 of 1st period - Dmitry Kulikov is hit by William Carrier and loses puck.
18:01 of 1st period - Vladislav Namestnikov is hit by Brett Pesce and loses puck.
18:49 of 1st period - Shot by Evan Rodrigues.
18:49 of 1st period - Shot Misses the Net.
Goals for this period are 1 for LAS VEGAS LIZARD KINGS vs 1 for PORTLAND PIRATES.
Shots for this period are 6 for LAS VEGAS LIZARD KINGS vs 9 for PORTLAND PIRATES.

2nd period


0:01 of 2nd period - Jeff Carter wins face-off versus Sam Steel in neutral zone.
0:55 of 2nd period - Icing by Travis Konecny.
0:56 of 2nd period - Mika Zibanejad wins face-off versus Ty Dellandrea in PORTLAND PIRATES zone.
1:27 of 2nd period - Shot by Mika Zibanejad.
1:27 of 2nd period - Shot Hit the Post.
2:18 of 2nd period - Shot by Chandler Stephenson.
2:18 of 2nd period - Shot Misses the Net.
2:25 of 2nd period - Minor Penalty to Brett Pesce for Roughing.
2:26 of 2nd period - Joe Pavelski wins face-off versus Michael McLeod in PORTLAND PIRATES zone.
3:23 of 2nd period - Icing by Dmitry Kulikov.
3:24 of 2nd period - Michael McLeod wins face-off versus Jeff Carter in LAS VEGAS LIZARD KINGS zone.
4:21 of 2nd period - Shot by Joe Pavelski.
4:21 of 2nd period - Shot Misses the Net.
4:23 of 2nd period - Shot by Ryan Nugent-Hopkins.
4:23 of 2nd period - Stopped by Martin Jones without a rebound.
4:24 of 2nd period - Jeff Carter wins face-off versus Michael McLeod in PORTLAND PIRATES zone.
4:41 of 2nd period - Shot by Mika Zibanejad.
4:41 of 2nd period - Shot Misses the Net.
4:43 of 2nd period - Shot by Mika Zibanejad.
4:43 of 2nd period - Goal by Mika Zibanejad - LAS VEGAS LIZARD KINGS : 1 - PORTLAND PIRATES : 2.
4:44 of 2nd period - Jeff Carter wins face-off versus Michael McLeod in neutral zone.
4:57 of 2nd period - Shot by Evan Rodrigues.
4:57 of 2nd period - Deflect By Brandon Hagel.
4:57 of 2nd period - Shot Blocked by William Carrier.
5:19 of 2nd period - Brandon Hagel is hit by Marc Staal and loses puck.
5:46 of 2nd period - Shot by Joe Pavelski.
5:46 of 2nd period - Deflect By Ryan Nugent-Hopkins.
5:46 of 2nd period - Goal by Ryan Nugent-Hopkins - LAS VEGAS LIZARD KINGS : 2 - PORTLAND PIRATES : 2.
5:47 of 2nd period - Chandler Stephenson wins face-off versus Ty Dellandrea in neutral zone.
6:04 of 2nd period - Shot by Chandler Stephenson.
6:04 of 2nd period - Stopped by Sergei Bobrovsky without a rebound.
6:05 of 2nd period - Mika Zibanejad wins face-off versus Ryan Nugent-Hopkins in LAS VEGAS LIZARD KINGS zone.
6:12 of 2nd period - Shot by Mika Zibanejad.
6:12 of 2nd period - Shot Blocked by Ryan Nugent-Hopkins.
6:14 of 2nd period - Shot by Pavel Zacha.
6:14 of 2nd period - Stopped by Sergei Bobrovsky without a rebound.
6:15 of 2nd period - Chandler Stephenson wins face-off versus Ryan Nugent-Hopkins in LAS VEGAS LIZARD KINGS zone.
6:46 of 2nd period - Shot by Robert Thomas.
6:46 of 2nd period - Goal by Robert Thomas - LAS VEGAS LIZARD KINGS : 2 - PORTLAND PIRATES : 3.
6:47 of 2nd period - Mika Zibanejad wins face-off versus Jeff Carter in neutral zone.
6:50 of 2nd period - Brayden McNabb is hit by Pavel Zacha and loses puck.
7:04 of 2nd period - Icing by Brandon Hagel.
7:05 of 2nd period - Sam Steel wins face-off versus Jeff Carter in LAS VEGAS LIZARD KINGS zone.
7:20 of 2nd period - Shot by William Carrier.
7:20 of 2nd period - Deflect By Sam Steel.
7:20 of 2nd period - Stopped by Sergei Bobrovsky with a rebound.
7:24 of 2nd period - Shot by Michael Amadio.
7:24 of 2nd period - Goal by Michael Amadio - LAS VEGAS LIZARD KINGS : 2 - PORTLAND PIRATES : 4.
7:24 of 2nd period - Kaapo Kahkonen enters game.
7:25 of 2nd period - Ryan Nugent-Hopkins wins face-off versus Mika Zibanejad in neutral zone.
7:44 of 2nd period - Patrik Nemeth is hit by Travis Konecny and loses puck.
8:09 of 2nd period - Shot by Mika Zibanejad.
8:09 of 2nd period - Shot Misses the Net.
8:18 of 2nd period - Icing by Patrik Nemeth.
8:19 of 2nd period - Ryan Nugent-Hopkins wins face-off versus Michael Amadio in LAS VEGAS LIZARD KINGS zone.
8:21 of 2nd period - Icing by Joe Pavelski.
8:22 of 2nd period - Sam Steel wins face-off versus Ryan Nugent-Hopkins in LAS VEGAS LIZARD KINGS zone.
8:22 of 2nd period - Thomas Chabot is hit by Patrik Nemeth and loses puck.
9:25 of 2nd period - Shot by Vladislav Namestnikov.
9:25 of 2nd period - Stopped by Martin Jones with a rebound.
11:52 of 2nd period - Icing by Brett Pesce.
11:53 of 2nd period - Michael McLeod wins face-off versus Ty Dellandrea in PORTLAND PIRATES zone.
12:02 of 2nd period - Ty Dellandrea is hit by Nathan Bastian and loses puck.
12:13 of 2nd period - Shot by Vladislav Namestnikov.
12:13 of 2nd period - Shot Misses the Net.
12:21 of 2nd period - Shot by Victor Olofsson.
12:21 of 2nd period - Shot Misses the Net.
13:34 of 2nd period - Shot by Brandon Hagel.
13:34 of 2nd period - Shot Blocked by Thomas Chabot.
13:52 of 2nd period - Shot by Brandon Hagel.
13:52 of 2nd period - Stopped by Martin Jones without a rebound.
13:53 of 2nd period - Chandler Stephenson wins face-off versus Ty Dellandrea in PORTLAND PIRATES zone.
14:50 of 2nd period - Shot by Travis Konecny.
14:50 of 2nd period - Deflect By Mika Zibanejad.
14:50 of 2nd period - Stopped by Kaapo Kahkonen without a rebound.
14:51 of 2nd period - Mika Zibanejad wins face-off versus Ryan Nugent-Hopkins in LAS VEGAS LIZARD KINGS zone.
15:01 of 2nd period - Shot by Mika Zibanejad.
15:01 of 2nd period - Shot Misses the Net.
15:03 of 2nd period - Shot by Pavel Zacha.
15:03 of 2nd period - Goal by Pavel Zacha - LAS VEGAS LIZARD KINGS : 2 - PORTLAND PIRATES : 5.
15:04 of 2nd period - Mika Zibanejad wins face-off versus Jeff Carter in neutral zone.
15:06 of 2nd period - Off-side.
15:07 of 2nd period - Ryan Nugent-Hopkins wins face-off versus Pavel Zacha in neutral zone.
16:07 of 2nd period - Minor Penalty to Brian Dumoulin for Cross-checking.
16:08 of 2nd period - Yanni Gourde wins face-off versus Jeff Carter in PORTLAND PIRATES zone.
16:08 of 2nd period - Brett Pesce is hit by Jeff Carter and loses puck.
16:19 of 2nd period - Shot by Evan Rodrigues.
16:19 of 2nd period - Stopped by Martin Jones with a rebound.
16:23 of 2nd period - Shot by Jeff Carter.
16:23 of 2nd period - Stopped by Martin Jones with a rebound.
16:25 of 2nd period - Shot by Dmitry Kulikov.
16:25 of 2nd period - Stopped by Martin Jones without a rebound.
16:26 of 2nd period - Jeff Carter wins face-off versus Yanni Gourde in PORTLAND PIRATES zone.
16:37 of 2nd period - Shot by Evan Rodrigues.
16:37 of 2nd period - Shot Misses the Net.
18:13 of 2nd period - Off-side.
18:14 of 2nd period - Jordan Greenway wins face-off versus Mika Zibanejad in neutral zone.
18:27 of 2nd period - Shot by Mika Zibanejad.
18:27 of 2nd period - Shot Blocked by Patrik Nemeth.
18:29 of 2nd period - Shot by Thomas Chabot.
18:29 of 2nd period - Deflect By Mika Zibanejad.
18:29 of 2nd period - Shot Misses the Net.
18:31 of 2nd period - Shot by Brett Pesce.
18:31 of 2nd period - Stopped by Kaapo Kahkonen with a rebound.
18:47 of 2nd period - Shot by Travis Konecny.
18:47 of 2nd period - Shot Misses the Net.
19:10 of 2nd period - Chandler Stephenson is hit by Patrik Nemeth.
19:22 of 2nd period - Shot by Robert Thomas.
19:22 of 2nd period - Shot Blocked by Dmitry Kulikov.
19:22 of 2nd period - Dmitry Kulikov from LAS VEGAS LIZARD KINGS is injured at 19:22 of 2nd period (Sprained Right Ankle).
19:23 of 2nd period - Jeff Carter wins face-off versus Michael McLeod in LAS VEGAS LIZARD KINGS zone.
19:23 of 2nd period - Jeff Carter is hit by Nathan Bastian.
19:29 of 2nd period - Shot by Evan Rodrigues.
19:29 of 2nd period - Stopped by Martin Jones without a rebound.
19:30 of 2nd period - Jeff Carter wins face-off versus Michael McLeod in PORTLAND PIRATES zone.
Goals for this period are 1 for LAS VEGAS LIZARD KINGS vs 4 for PORTLAND PIRATES.
Shots for this period are 8 for LAS VEGAS LIZARD KINGS vs 9 for PORTLAND PIRATES.

3rd period


0:01 of 3rd period - Ryan Nugent-Hopkins wins face-off versus Sam Steel in neutral zone.
0:30 of 3rd period - Michael Amadio is hit by Brayden McNabb and loses puck.
0:35 of 3rd period - Shot by Michael Amadio.
0:35 of 3rd period - Shot Blocked by Matt Roy.
1:21 of 3rd period - Shot by Yanni Gourde.
1:21 of 3rd period - Shot Misses the Net.
1:23 of 3rd period - Shot by Chandler Stephenson.
1:23 of 3rd period - Shot Misses the Net.
1:25 of 3rd period - Shot by Marc Staal.
1:25 of 3rd period - Shot Misses the Net.
2:50 of 3rd period - Shot by Luke Glendening.
2:50 of 3rd period - Stopped by Martin Jones without a rebound.
2:51 of 3rd period - Ryan Nugent-Hopkins wins face-off versus Sam Steel in PORTLAND PIRATES zone.
3:08 of 3rd period - Shot by Joe Pavelski.
3:08 of 3rd period - Stopped by Martin Jones without a rebound.
3:09 of 3rd period - Luke Glendening wins face-off versus Chandler Stephenson in PORTLAND PIRATES zone.
3:10 of 3rd period - Shot by Jordan Greenway.
3:10 of 3rd period - Stopped by Martin Jones with a rebound.
3:20 of 3rd period - Icing by Robert Thomas.
3:21 of 3rd period - Jeff Carter wins face-off versus Chandler Stephenson in PORTLAND PIRATES zone.
3:49 of 3rd period - Shot by Chandler Stephenson.
3:49 of 3rd period - Stopped by Kaapo Kahkonen without a rebound.
3:50 of 3rd period - Sam Steel wins face-off versus Ryan Nugent-Hopkins in LAS VEGAS LIZARD KINGS zone.
3:53 of 3rd period - Shot by Michael Amadio.
3:53 of 3rd period - Goal by Michael Amadio - LAS VEGAS LIZARD KINGS : 2 - PORTLAND PIRATES : 6.
3:54 of 3rd period - Ryan Nugent-Hopkins wins face-off versus Sam Steel in neutral zone.
4:15 of 3rd period - Shot by Ryan Nugent-Hopkins.
4:15 of 3rd period - Goal by Ryan Nugent-Hopkins - LAS VEGAS LIZARD KINGS : 3 - PORTLAND PIRATES : 6.
4:16 of 3rd period - Chandler Stephenson wins face-off versus Ty Dellandrea in neutral zone.
6:39 of 3rd period - Shot by Travis Konecny.
6:39 of 3rd period - Stopped by Kaapo Kahkonen with a rebound.
6:57 of 3rd period - Shot by Chandler Stephenson.
6:57 of 3rd period - Stopped by Kaapo Kahkonen without a rebound.
6:58 of 3rd period - Luke Glendening wins face-off versus Chandler Stephenson in LAS VEGAS LIZARD KINGS zone.
7:02 of 3rd period - Off-side.
7:03 of 3rd period - Jeff Carter wins face-off versus Chandler Stephenson in neutral zone.
7:51 of 3rd period - Icing by Jeff Carter.
7:52 of 3rd period - Jeff Carter wins face-off versus Sam Steel in LAS VEGAS LIZARD KINGS zone.
7:52 of 3rd period - Jeff Carter is hit by William Carrier.
8:46 of 3rd period - Icing by Thomas Chabot.
8:47 of 3rd period - Mika Zibanejad wins face-off versus Ty Dellandrea in PORTLAND PIRATES zone.
9:05 of 3rd period - Shot by Mika Zibanejad.
9:05 of 3rd period - Stopped by Kaapo Kahkonen with a rebound.
9:07 of 3rd period - Shot by Mika Zibanejad.
9:07 of 3rd period - Shot Misses the Net.
9:09 of 3rd period - Shot by Pavel Zacha.
9:09 of 3rd period - Shot Misses the Net.
9:11 of 3rd period - Shot by Brett Pesce.
9:11 of 3rd period - Shot Misses the Net.
9:13 of 3rd period - Shot by Travis Konecny.
9:13 of 3rd period - Stopped by Kaapo Kahkonen without a rebound.
9:14 of 3rd period - Chandler Stephenson wins face-off versus Jordan Greenway in LAS VEGAS LIZARD KINGS zone.
9:29 of 3rd period - Shot by Chandler Stephenson.
9:29 of 3rd period - Stopped by Kaapo Kahkonen without a rebound.
9:30 of 3rd period - Ryan Nugent-Hopkins wins face-off versus Sam Steel in LAS VEGAS LIZARD KINGS zone.
9:30 of 3rd period - Ryan Nugent-Hopkins is hit by William Carrier.
9:44 of 3rd period - Shot by Ryan Nugent-Hopkins.
9:44 of 3rd period - Shot Misses the Net.
9:46 of 3rd period - Shot by Johnny Gaudreau.
9:46 of 3rd period - Stopped by Martin Jones with a rebound.
10:05 of 3rd period - Shot by Joe Pavelski.
10:05 of 3rd period - Shot Misses the Net.
10:07 of 3rd period - Shot by Joe Pavelski.
10:07 of 3rd period - Shot Misses the Net.
10:09 of 3rd period - Shot by Joe Pavelski.
10:09 of 3rd period - Stopped by Martin Jones without a rebound.
10:10 of 3rd period - Chandler Stephenson wins face-off versus Ty Dellandrea in PORTLAND PIRATES zone.
10:45 of 3rd period - Shot by Vladislav Namestnikov.
10:45 of 3rd period - Shot Misses the Net.
11:27 of 3rd period - Shot by Jeff Carter.
11:27 of 3rd period - Deflect By Brandon Hagel.
11:27 of 3rd period - Shot Blocked by Travis Hamonic.
11:49 of 3rd period - Shot by Ryan Nugent-Hopkins.
11:49 of 3rd period - Stopped by Martin Jones without a rebound.
11:50 of 3rd period - Mika Zibanejad wins face-off versus Ryan Nugent-Hopkins in PORTLAND PIRATES zone.
12:47 of 3rd period - Shot by Michael Amadio.
12:47 of 3rd period - Stopped by Kaapo Kahkonen with a rebound.
12:49 of 3rd period - Shot by Marc Staal.
12:49 of 3rd period - Stopped by Kaapo Kahkonen with a rebound.
12:51 of 3rd period - Shot by Sam Steel.
12:51 of 3rd period - Shot Blocked by Brayden McNabb.
12:53 of 3rd period - Shot by Michael Amadio.
12:53 of 3rd period - Shot Misses the Net.
12:55 of 3rd period - Shot by Alec Martinez.
12:55 of 3rd period - Stopped by Kaapo Kahkonen with a rebound.
14:25 of 3rd period - Icing by Jeff Carter.
14:26 of 3rd period - Mika Zibanejad wins face-off versus Jeff Carter in LAS VEGAS LIZARD KINGS zone.
14:31 of 3rd period - Shot by Travis Konecny.
14:31 of 3rd period - Goal by Travis Konecny - LAS VEGAS LIZARD KINGS : 3 - PORTLAND PIRATES : 7.
14:32 of 3rd period - Mika Zibanejad wins face-off versus Ryan Nugent-Hopkins in neutral zone.
14:34 of 3rd period - Off-side.
14:35 of 3rd period - Ryan Nugent-Hopkins wins face-off versus Mika Zibanejad in neutral zone.
14:47 of 3rd period - Icing by Brayden McNabb.
14:48 of 3rd period - Ryan Nugent-Hopkins wins face-off versus Sam Steel in LAS VEGAS LIZARD KINGS zone.
15:32 of 3rd period - Minor Penalty to Brandon Hagel for Slashing.
15:33 of 3rd period - Mika Zibanejad wins face-off versus Ty Dellandrea in LAS VEGAS LIZARD KINGS zone.
15:36 of 3rd period - Shot by Travis Konecny.
15:36 of 3rd period - Shot Misses the Net.
15:38 of 3rd period - Shot by Robert Thomas.
15:38 of 3rd period - Stopped by Kaapo Kahkonen without a rebound.
15:39 of 3rd period - Mika Zibanejad wins face-off versus Ty Dellandrea in LAS VEGAS LIZARD KINGS zone.
15:58 of 3rd period - Shot by Mika Zibanejad.
15:58 of 3rd period - Goal by Mika Zibanejad - LAS VEGAS LIZARD KINGS : 3 - PORTLAND PIRATES : 8.
15:59 of 3rd period - Chandler Stephenson wins face-off versus Ryan Nugent-Hopkins in neutral zone.
16:34 of 3rd period - Off-side.
16:35 of 3rd period - Pavel Zacha wins face-off versus Jeff Carter in neutral zone.
16:50 of 3rd period - Shot by Travis Konecny.
16:50 of 3rd period - Stopped by Kaapo Kahkonen without a rebound.
16:51 of 3rd period - Sam Steel wins face-off versus Ty Dellandrea in LAS VEGAS LIZARD KINGS zone.
17:01 of 3rd period - Shot by Vladislav Namestnikov.
17:01 of 3rd period - Shot Misses the Net.
17:03 of 3rd period - Shot by Vladislav Namestnikov.
17:03 of 3rd period - Stopped by Martin Jones with a rebound.
17:05 of 3rd period - Shot by Ty Dellandrea.
17:05 of 3rd period - Stopped by Martin Jones without a rebound.
17:06 of 3rd period - Mika Zibanejad wins face-off versus Ryan Nugent-Hopkins in PORTLAND PIRATES zone.
17:32 of 3rd period - Shot by Johnny Gaudreau.
17:32 of 3rd period - Goal by Johnny Gaudreau - LAS VEGAS LIZARD KINGS : 4 - PORTLAND PIRATES : 8.
17:33 of 3rd period - Chandler Stephenson wins face-off versus Jeff Carter in neutral zone.
17:48 of 3rd period - Brandon Hagel is hit by Chandler Stephenson and loses puck.
19:51 of 3rd period - Icing by Vladislav Namestnikov.
19:52 of 3rd period - Chandler Stephenson wins face-off versus Ty Dellandrea in LAS VEGAS LIZARD KINGS zone.
Goals for this period are 2 for LAS VEGAS LIZARD KINGS vs 3 for PORTLAND PIRATES.
Shots for this period are 10 for LAS VEGAS LIZARD KINGS vs 14 for PORTLAND PIRATES.


BLAKE
WHEELER
STEVEN
STAMKOS
DREW
DOUGHTY

EAST COAST

HOCKEY LEAGUE

  • 63.RHI2PIT5
  • 64.WOR4ATL3
  • 65.QUECHW
  • 66.CHATRV